Map: Kairos Junction LE

Players

Lambo - Winner!

  • Race: Zerg Zerg
  • League: Master
  • Spawn Location: 5:00

HeroMarine

  • Race: Terran Terran
  • League: Master
  • Spawn Location: 11:00

Event: 2019 WCS Winter Europe

VOD

Have the link to the VOD?

Description

Time

  • Played on: March 23, 2019, 9:23 a.m.
  • Length: 13:47

All games in this series

Show
View Real Time Build Order
Export as new Build Order

Lambo Zerg - Winner!

Build Orders: Hatch First 

Get SALT Encoding   

  12  0:00  Drone  
  13  0:13  Overlord  
  13  0:16  Drone  
  14  0:31  Drone x2  
  16  0:48  Hatchery  
  15  0:51  Drone  
  15  0:54  Drone  
  17  0:58  Drone  
  18  1:07  Extractor  
  17  1:12  Spawning Pool  
  17  1:17  Drone  
  17  1:20  Drone  
  18  1:28  Drone  
  19  1:39  Drone  
  20  1:49  Drone  
  21  1:59  Queen x2  
  21  2:00  Zergling x2  
  21  2:01  Zergling x2  
  27  2:13  Hatchery  
  26  2:18  Overlord  
  26  2:21  Drone  
  27  2:23  Drone  
  27  2:29  Metabolic Boost  
  28  2:38  Drone x3  
  31  2:45  Queen  
  31  2:49  Overlord  
  33  2:59  Drone x2  
  33  3:01  Drone  
  36  3:08  Drone  
  36  3:09  Queen, Drone  
  36  3:10  Drone  
  41  3:13  Drone  
  41  3:18  Drone  
  43  3:26  Roach Warren  
  42  3:29  Queen  
  42  3:30  Overlord  
  42  3:33  Drone x2  
  46  3:40  Zergling x6  
  49  3:43  Drone  
  49  3:45  Overlord  
  50  3:52  Drone  
  50  3:53  Zergling x2  
  52  3:56  Drone x2  
  52  4:02  Drone x2  
  56  4:04  Drone  
  56  4:07  Overlord  
  56  4:12  Roach x4  
  56  4:15  Overlord  
  64  4:21  Drone  
  64  4:22  Drone  
  66  4:25  Spore Crawler x2  
  66  4:26  Spore Crawler  
  66  4:28  Spore Crawler  
  63  4:32  Drone x2  
  63  4:34  Drone x2  
  67  4:39  Drone x5  
  67  4:41  Drone  
  73  4:46  Lair  
  73  4:47  Drone  
  73  4:49  Drone x2  
  73  4:51  Drone  
  77  4:53  Extractor  
  77  4:54  Extractor  
  77  4:55  Drone  
  77  4:56  Drone  
  77  4:58  Drone x2  
  79  5:00  Drone  
  79  5:01  Drone x2  
  79  5:05  Evolution Chamber  
  81  5:07  Drone  
  81  5:08  Extractor  
  81  5:09  Drone  
  81  5:12  Overlord  
  82  5:14  Overlord  
  82  5:16  Extractor  
  82  5:17  Overlord  
  81  5:22  Drone  
  81  5:25  Evolution Chamber  
  81  5:29  Ravager  
  81  5:31  Overlord  
  81  5:32  Overlord  
  81  5:33  Roach x3  
  81  5:34  Roach  
  90  5:36  Roach x2  
  90  5:42  Ravager  
  95  5:45  Roach, Zergling x2  
  95  5:46  Overlord  
  89  5:59  Drone x9  
  93  6:05  Drone x2  
  93  6:06  Drone  
  92  6:11  Queen  
  92  6:12  Overseer  
  92  6:17  Glial Reconstitution, Zerg Missile Weapons Level 1  
  91  6:21  Roach x2  
  91  6:24  Extractor, Queen  
  96  6:27  Zerg Ground Armor Level 1  
  96  6:30  Overseer  
  96  6:35  Drone  
  96  6:39  Overlord  
  97  6:43  Overlord  
  97  6:44  Roach x2  
  97  6:45  Hatchery  
  100  6:51  Overlord, Queen  
  100  6:52  Pneumatized Carapace  
  100  6:53  Overlord  
  102  6:56  Overlord  
  102  7:00  Overlord  
  104  7:01  Roach x2  
  104  7:05  Overlord x2  
  106  7:10  Roach x3  
  106  7:14  Overlord  
  112  7:16  Roach x2  
  112  7:17  Ravager x4  
  112  7:19  Roach  
  122  7:24  Roach x2  
  122  7:25  Roach  
  122  7:27  Roach x2  
  132  7:37  Roach x5  
  132  7:40  Roach  
  132  7:43  Queen  
  146  7:48  Roach x4  
  154  7:52  Roach  
  154  7:56  Queen  
  154  7:57  Roach  
  160  8:05  Roach x6  
  172  8:09  Overlord  
  172  8:11  Overlord  
  172  8:12  Ravager x4  
  175  8:15  Overlord  
  175  8:16  Overlord  
  175  8:19  Overseer  
  173  8:20  Overlord  
  173  8:21  Ravager  
  173  8:22  Ravager  
  175  8:30  Overlord  
  175  8:39  Roach x2  
  146  8:41  Roach x10  
  146  8:43  Roach  
  125  8:50  Queen x2  
  125  8:55  Roach x3  
  120  8:58  Roach x2  
  120  9:02  Roach x2  
  121  9:05  Ravager x3  
  121  9:08  Roach x2  
  128  9:11  Overseer  
  128  9:12  Roach x2  
  128  9:15  Roach  
  136  9:17  Ravager, Roach  
  136  9:21  Roach x2  
  141  9:25  Roach  
  141  9:26  Roach  
  141  9:30  Roach x2  
  149  9:33  Roach x2  
  149  9:36  Roach  
  155  9:41  Roach  
  155  9:42  Roach x2  
  155  9:43  Roach  
  155  9:44  Ravager x2  
  165  9:49  Roach  
  165  9:50  Roach x2  
  169  9:52  Roach  
  169  9:53  Roach  
  169  9:56  Roach x3  
  175  10:02  Roach x3  
  175  10:05  Roach x2  
  185  10:08  Roach x2  
  185  10:13  Roach x3  
  195  10:21  Roach x4  
  185  10:22  Roach  
  185  10:24  Roach  
  185  10:25  Roach  
  168  10:31  Drone x5  
  161  10:41  Baneling Nest  
  156  10:46  Extractor  
  152  10:50  Queen x2  
  152  10:52  Roach x4  
  152  10:54  Zerg Ground Armor Level 2, Zerg Missile Weapons Level 2  
  152  10:56  Extractor  
  160  11:03  Ravager  
  161  11:07  Roach x5  
  171  11:13  Ravager, Roach  
  172  11:21  Roach x4  
  172  11:24  Roach x3  
  186  11:33  Roach x3  
  186  11:37  Centrifical Hooks  
  186  11:41  Ravager  
  186  11:42  Ravager  
  186  11:43  Drone x3  
  186  11:46  Overlord  
  191  11:47  Overlord  
  191  11:50  Ravager  
  191  11:52  Hatchery  
  191  11:58  Overseer  
  191  12:12  Queen x3  
  189  12:20  Roach x2  
  189  12:21  Zergling x26  
  192  12:26  Infestation Pit  
  192  12:28  Overseer  
  191  12:31  Zergling x4  
  191  12:35  Burrow  
  193  12:43  Baneling x10  
  193  12:44  Baneling x16  
  187  12:53  Zergling x2  
  187  12:54  Zergling x18  
  196  13:00  Zergling x8  
  196  13:02  Ravager x2  
  196  13:04  Zergling x4  
  198  13:10  Zergling x2  
  198  13:11  Zergling x8  
  189  13:14  Zergling x2  
  189  13:15  Zergling x2  
  179  13:20  Zergling x6  
  179  13:23  Zergling x8  
  179  13:25  Zergling x2  
  157  13:28  Zergling x2  
  157  13:29  Zergling x2  
Show
View Real Time Build Order
Export as new Build Order

HeroMarine Terran 

Build Orders: Gas First Reaper Expand, Banshee Rush 

Get SALT Encoding   

  12  0:00  SCV  
  13  0:12  SCV  
  14  0:16  Supply Depot  
  14  0:24  SCV  
  14  0:27  Refinery  
  15  0:38  SCV  
  16  0:44  Barracks  
  16  0:50  SCV  
  17  1:02  SCV  
  18  1:14  SCV  
  19  1:31  Reaper, Orbital Command  
  20  1:42  Command Center  
  20  1:52  Factory  
  20  1:56  SCV  
  21  2:05  Barracks Reactor  
  21  2:08  SCV  
  22  2:12  Supply Depot  
  22  2:15  Refinery  
  22  2:20  SCV  
  23  2:34  SCV  
  24  2:40  Starport  
  24  2:44  Hellion  
  24  2:45  Hellion  
  24  2:46  SCV  
  24  2:47  Barracks Tech Lab  
  29  2:54  Orbital Command  
  29  2:58  SCV  
  30  3:06  Hellion  
  30  3:07  Hellion  
  30  3:12  SCV  
  35  3:17  Barracks Tech Lab  
  35  3:20  SCV  
  35  3:23  Cloaking Field  
  35  3:24  SCV  
  37  3:29  Banshee  
  37  3:34  Supply Depot  
  40  3:35  SCV  
  40  3:37  SCV  
  42  3:46  Marine  
  42  3:47  Supply Depot, Marine  
  45  3:53  SCV x2  
  49  3:55  Siege Tank  
  49  3:57  Supply Depot  
  49  4:04  Marine x2  
  49  4:05  SCV  
  52  4:11  Banshee  
  52  4:12  SCV  
  56  4:17  SCV  
  56  4:22  Marine x2  
  59  4:25  SCV  
  59  4:29  SCV  
  59  4:30  Supply Depot  
  59  4:31  Siege Tank  
  64  4:37  SCV  
  65  4:40  Marine x2  
  65  4:41  SCV  
  68  4:50  Command Center  
  68  4:51  SCV  
  69  4:54  SCV  
  69  4:57  Supply Depot, Banshee  
  69  4:58  Marine x2  
  75  5:05  SCV  
  75  5:06  SCV  
  77  5:09  Refinery x2  
  77  5:16  Factory Reactor  
  77  5:18  Barracks  
  77  5:21  SCV x2, Barracks  
  77  5:22  Barracks  
  79  5:29  Marine  
  79  5:32  Stimpack  
  79  5:33  SCV x2  
  79  5:35  Engineering Bay  
  82  5:36  Engineering Bay  
  82  5:45  SCV  
  82  5:46  SCV  
  82  5:47  Marine  
  83  5:52  Starport Reactor  
  73  5:58  SCV x2  
  73  6:02  Terran Infantry Weapons Level 1, Terran Infantry Armor Level 1  
  62  6:05  Marine  
  63  6:15  Orbital Command, Barracks  
  63  6:16  Marine  
  63  6:17  Marine  
  63  6:18  Barracks  
  62  6:19  Marine  
  62  6:20  Marine  
  62  6:21  Siege Tank  
  62  6:23  SCV  
  62  6:25  SCV  
  69  6:32  Marauder  
  71  6:34  Marine x2  
  71  6:35  SCV  
  71  6:37  SCV, Marine x2  
  77  6:42  Medivac  
  77  6:43  Medivac  
  77  6:45  Orbital Command  
  81  6:47  SCV  
  81  6:49  SCV  
  81  6:52  Marine x2, Supply Depot  
  81  6:53  Marauder  
  87  6:55  Marine x2  
  87  6:57  Siege Tank  
  87  6:59  SCV  
  93  7:01  SCV  
  93  7:04  Barracks Tech Lab x2  
  94  7:09  Supply Depot  
  94  7:10  Supply Depot  
  94  7:12  SCV  
  94  7:15  Marauder, SCV x2  
  98  7:22  Marine x4  
  101  7:24  Marauder x2, SCV  
  101  7:27  SCV  
  109  7:30  SCV, Siege Tank  
  109  7:33  Combat Shield, Concussive Shells  
  109  7:34  Supply Depot  
  109  7:36  Marauder  
  109  7:37  SCV  
  116  7:40  SCV  
  117  7:45  Marauder x2, Refinery  
  117  7:46  SCV, Refinery  
  117  7:49  SCV  
  123  7:52  SCV  
  123  7:57  Marauder  
  123  7:58  SCV  
  126  8:01  SCV  
  126  8:03  Marine x2, Supply Depot  
  126  8:04  Armory, SCV, Siege Tank  
  132  8:12  Supply Depot  
  132  8:13  Supply Depot  
  132  8:22  Marauder x3  
  132  8:23  Bunker, Marine  
  132  8:24  Marine x2  
  141  8:32  Medivac x2  
  143  8:40  SCV x2  
  113  8:41  SCV  
  113  8:43  Marauder x3  
  113  8:44  Marine x2  
  97  8:52  SCV x2, Marine  
  97  8:53  SCV  
  97  9:02  Terran Infantry Weapons Level 2, Terran Infantry Armor Level 2  
  97  9:04  SCV x2  
  97  9:05  Marauder x2, SCV  
  106  9:10  Marine x3  
  106  9:11  Marine  
  106  9:16  SCV x2  
  112  9:18  SCV  
  112  9:21  Factory  
  112  9:22  Marine  
  115  9:26  Marine x2  
  115  9:27  Marine  
  115  9:28  SCV x2, Marine x3  
  115  9:30  SCV, Supply Depot  
  124  9:39  Siege Tank, Terran Vehicle Weapons Level 1  
  124  9:41  Marauder  
  124  9:44  Marauder x2  
  130  9:45  Marine x2  
  130  9:46  Marine x2  
  125  9:59  Command Center  
  125  10:01  Medivac  
  125  10:02  Medivac, Marine  
  125  10:03  Marine x3  
  125  10:04  Marine  
  125  10:05  Marauder x2  
  125  10:06  Factory Tech Lab  
  136  10:19  Siege Tank  
  136  10:20  Marauder  
  136  10:21  Marine x3  
  128  10:22  Marine  
  128  10:26  Marine  
  128  10:27  Marauder  
  104  10:28  Orbital Command  
  104  10:34  Siege Tank  
  92  10:39  Marine x3  
  92  10:40  Marine  
  92  10:41  Marauder  
  96  10:44  Marauder  
  96  10:47  Marine  
  99  10:51  Siege Tank  
  99  10:52  SCV x2  
  99  10:57  Marine  
  104  11:00  Marine x2  
  104  11:03  Marauder  
  109  11:06  Marauder  
  109  11:09  Siege Tank  
  109  11:10  Marauder  
  116  11:19  Orbital Command x2  
  116  11:21  Marine x2  
  116  11:22  Marine  
  119  11:28  Marauder x2  
  119  11:31  Marauder  
  124  11:34  Siege Tank  
  124  11:39  Marine  
  128  11:41  Siege Tank, Marine x2  
  128  11:45  Marine  
  134  11:49  Marine  
  135  11:56  Marauder  
  135  12:00  Marauder, Marine x2  
  141  12:03  Marine  
  141  12:04  Marine  
  141  12:06  Siege Tank  
  146  12:09  Marauder  
  146  12:14  Siege Tank  
  149  12:18  Marauder, Marine  
  149  12:21  Marauder  
  149  12:22  Marine x2  
  149  12:25  Marine  
  153  12:30  Marauder  
  153  12:32  Refinery  
  153  12:36  Marine  
  157  12:38  Siege Tank  
  157  12:39  Marauder  
  157  12:40  Marine x2  
  157  12:41  Supply Depot  
  157  12:42  Supply Depot  
  157  12:43  Marauder  
  164  13:01  Siege Tank  
  164  13:02  Marine x2  
  164  13:03  Marauder x2, Medivac x2, Supply Depot  
  164  13:04  Marauder  
  157  13:19  Marine x2  
  131  13:20  Marine  
  131  13:21  Marine  
  131  13:24  Marauder x2  
  131  13:25  Marauder  
Tags
 
Add a new tag
Caveats
  • Supply blocks, unpowered buildings, or Contaminate may cause inaccurate times.
  • Supply counts are checked every 10 seconds.